 Dungeon Crawl Stone Soup version 0.21.0-3-g78d12a8 (webtiles) character file.

105 tilp the Conjurer (level 4, -4/33 HPs)
             Began as a Draconian Conjurer on Jan 8, 2018.
             Killed by nerve-wracking pain
             ... invoked by Grinder
              (12 damage)
             ... on level 3 of the Dungeon on Jan 9, 2018.
             The game lasted 00:07:30 (2483 turns).

tilp the Conjurer (Draconian Conjurer)              Turns: 2483, Time: 00:07:31

Health: -4/33      AC:  6    Str: 11    XL:     4   Next: 53%
Magic:  6/7        EV: 12    Int: 16    God:
Gold:   185        SH:  0    Dex: 11    Spells: 4/7 levels left

rFire    . . .     SeeInvis .   a - +2 dagger (venom)
rCold    . . .     Gourm    .   (no shield)
rNeg     . . .     Faith    .   (armour unavailable)
rPois    .         Spirit   .   (helmet restricted)
rElec    .         Reflect  .   s - +0 cloak
rCorr    .         Harm     .   (no gloves)
MR       .....                  (no boots)
Stlth    ++........             (no amulet)
HPRegen  0.11/turn              (no ring)
MPRegen  0.10/turn              (no ring)

@: very slightly contaminated
A: unfitting armour, cold-blooded, AC +5
a: no special abilities


You were on level 3 of the Dungeon.
You were not hungry.

You visited 1 branch of the dungeon, and saw 3 of its levels.

You collected 185 gold pieces.

Inventory:

Hand Weapons
 a - a +2 dagger of venom (weapon)
 n - a +0 hunting sling
Missiles
 e - 106 stones (quivered)
 r - 20 arrows
Armour
 s - a +0 cloak (worn)
Jewellery
 g - an uncursed ring of wizardry {unknown}
Scrolls
 c - a scroll of fog {unknown}
 d - a scroll of amnesia {unknown}
 f - 2 scrolls of magic mapping {unknown}
 h - a scroll of fear {unknown}
 i - 2 scrolls of remove curse {unknown}
 j - 3 scrolls of immolation {unknown}
 k - a scroll of blinking {unknown}
 p - 3 scrolls of identify {unknown}
Potions
 l - a potion of brilliance {unknown}
 o - a potion of degeneration {unknown}
Books
 m - a book of Conjurations

   Spells                             Type                      Level
   a - Magic Dart                     Conjuration                  1
   b - Searing Ray                    Conjuration                  2
   c - Dazzling Spray                 Conjuration/Hexes            3
   d - Fulminant Prism                Conjuration/Hexes            4
   e - Force Lance                    Conjuration/Translocation    4
   f - Iskenderun's Mystic Blast      Conjuration                  4
Comestibles
 b - 4 rations
 q - 7 chunks of flesh


   Skills:
 - Level 1.7 Dodging
 - Level 1.7 Stealth
 - Level 2.0 Spellcasting
 + Level 6.0 Conjurations


You had 4 spell levels left.
You knew the following spells:

 Your Spells              Type           Power        Failure   Level  Hunger
a - Magic Dart            Conj           ###.         1%          1    #......
b - Searing Ray           Conj           ###...       2%          2    ###....


Dungeon Overview and Level Annotations

Branches:
Dungeon (3/15)

Altars:
Nemelex Xobeh

Annotations:
D:3 EmerC2's ghost, amateur OgFi; Grinder; Ijyb


Innate Abilities, Weirdness & Mutations

Your plain brown scales are hard. (AC +5)
You cannot fit into any form of body armour.
You are cold-blooded and may be slowed by cold attacks.


Message History

Grinder is lightly wounded.
Grinder barely misses you.
You hit Grinder but do no damage.
Grinder is lightly wounded.
Grinder gestures at you.
You suddenly lose the ability to move!
Grinder says, "Wait up."
Grinder hits you.
You writhe in agony.
You can move again.
Unknown command.
You hit Grinder.
Grinder is moderately wounded.
Grinder hits you.
You writhe in agony.
* * * LOW HITPOINT WARNING * * *
Unknown command.
You hit the quokka.
The quokka is almost dead.
Grinder gestures at you. Pain shoots through your body!
You die...

#.. #.. ..##.# #..
..##.# #.#. #..
#.# #.#.###.# #.#
#.#.)...###.# #r#
#.#...#.#####.
#@###..##.........
#5!........>......
#####..##...###.##
#.#...#.#
#.###...# #.#
#.####..###.##
#.............
#.####........ #.#
##.###.##


You could see Grinder and a quokka.

Vanquished Creatures
  Natasha (D:3)
  3 adders
  A leopard gecko (D:2)
  4 orcs (D:3)
  4 bats
  6 goblins
  5 hobgoblins
  A quokka (D:2)
  A ball python (D:2)
  7 frilled lizards
  10 kobolds
  8 rats
51 creatures vanquished.

Notes
Turn   | Place    | Note
-------+----------+-------------------------------------------
     0 | D:1      | tilp the Draconian Conjurer began the quest for the Orb.
     0 | D:1      | Reached XP level 1. HP: 14/14 MP: 3/3
   475 | D:1      | Reached XP level 2. HP: 20/20 MP: 3/5
   479 | D:1      | Learned a level 2 spell: Searing Ray
  1114 | D:2      | Found a sparkling altar of Nemelex Xobeh.
  1405 | D:2      | Reached skill level 5 in Conjurations
  1406 | D:2      | Reached XP level 3. HP: 26/26 MP: 1/6
  2029 | D:3      | Noticed EmerC2's ghost (amateur OgFi)
  2053 | D:3      | Reached XP level 4. HP: 31/33 MP: 2/7
  2118 | D:3      | Noticed Natasha
  2128 | D:3      | Killed Natasha
  2306 | D:3      | Reached skill level 6 in Conjurations
  2410 | D:3      | Noticed Ijyb
  2469 | D:3      | Noticed Grinder
  2480 | D:3      | Paralysed by Grinder for 2 turns
  2483 | D:3      | Killed from afar by Grinder

Skill      XL: |  1  2  3  4 |
---------------+-------------+-----
Conjurations   | 5 6 |  6.0
Dodging        | |  1.7
Stealth        | |  1.7
Spellcasting   | |  2.0

Action                   |  1- 3 |  4- 6 || total
-------------------------+-------+-------++-------
Melee: Unarmed           |    14 |       ||    14
       Tailslap          |     1 |       ||     1
       Dagger            |    27 |    17 ||    44
 Cast: Magic Dart        |    60 |     7 ||    67
       Searing Ray       |     1 |     2 ||     3
 Stab: Sleeping          |     3 |       ||     3
  Eat: Chunk             |     5 |     1 ||     6
Armor: Skin              |    18 |     1 ||    19
Dodge: Dodged            |    38 |     5 ||    43
